 Dungeon Crawl Stone Soup version 0.28-a0-249-g9004c80361 (webtiles) character file.

Game seed: 15724826748105243122

80 Arne the Gusty (level 4, -5/24 HPs)
             Began as a Tengu Air Elementalist on Aug 26, 2021.
             Slain by a sky beast (6 damage)
             ... on level 5 of the Dungeon.
             The game lasted 00:11:48 (1460 turns).

Arne the Gusty (Tengu Air Elementalist)             Turns: 1460, Time: 00:11:49

Health: -5/24      AC:  2    Str:  8    XL:     4   Next: 39%
Magic:  9/9        EV: 13    Int: 16    God:
Gold:   70         SH:  0    Dex: 15    Spells: 7/8 levels left

rFire   . . .      SeeInvis +   k - +1 rapier (venom)
rCold   . . .      Faith    .   (no shield)
rNeg    . . .      Spirit   .   a - +0 robe
rPois   .          Reflect  .   (helmet restricted)
rElec   .          Harm     .   (no cloak)
rCorr   .          Rampage  .   (no gloves)
Will    .....                   (boots unavailable)
Stlth   ++........              d - amulet of the acrobat
HPRegen 0.08/turn               j - ring of see invisible
MPRegen 0.11/turn               l - +4 ring of slaying

@: no status effects
A: beak, talons 3
a: no special abilities


You were on level 5 of the Dungeon.
You visited 1 branch of the dungeon, and saw 4 of its levels.

You collected 70 gold pieces.

Inventory:

Hand Weapons
 b - a +0 dagger
 k - a +1 rapier of venom (weapon)
Missiles
 c - a throwing net
Armour
 a - a +0 robe (worn)
Jewellery
 d - an amulet of the acrobat (around neck)
 j - a ring of see invisible (left hand)
 l - a +4 ring of slaying (right hand)
Scrolls
 f - 2 scrolls of enchant armour {unknown}
Potions
 e - a potion of curing {unknown}
 g - a potion of haste {unknown}
 h - a potion of invisibility {unknown}
 i - a potion of ambrosia {unknown}


   Skills:
 + Level 1.0 Short Blades
 * Level 2.7 Dodging
 + Level 2.1 Stealth
 * Level 2.9 Spellcasting
 + Level 1.9 Conjurations
 + Level 5.0 Air Magic


You had 7 spell levels left.
You knew the following spells:

 Your Spells              Type           Power      Damage    Failure   Level
a - Shock                 Conj/Air       52%        1d6       4%          1

Your spell library contained the following spells:

 Spells                   Type           Power      Damage    Failure   Level
 Static Discharge         Conj/Air       13%        N/A       7%          2
 Swiftness                Air            18%        N/A       8%          3
 Poisonous Vapours        Pois/Air       20%        N/A       11%         2
 Sting                    Tmut/Pois      8%         1d3       19%         1
 Airstrike                Air            9%         N/A       24%         4
 Passwall                 Tmut/Erth      1%         N/A       28%         2
 Olgreb's Toxic Radiance  Pois           2%         N/A       88%         4
 Conjure Ball Lightning   Conj/Air       6%         3x3d6     100%        6
 Invisibility             Hex            1%         N/A       100%        6
 Discord                  Hex            1%         N/A       100%        8
 Disjunction              Tloc           1%         N/A       100%        8


Dungeon Overview and Level Annotations

Branches:
Dungeon (5/15)
 Temple: D:4-7

Altars:


Innate Abilities, Weirdness & Mutations

You have a beak for a mouth.
You have claws for feet.


Message History

Found 9 gold pieces.
Press: ? - help, v - describe, . - travel An alarm trap.
A sky beast comes into view.
Press: ? - help, v - describe, . - travel
Here: a sky beast The floor.
As you read the scroll of teleportation, it crumbles to dust.
You feel strangely unstable.
The sky beast flickers out of sight for a moment.
Found a stone staircase leading down.
Your surroundings seem slightly different.
Found 14 gold pieces.
There is a stone staircase leading down here.
You see here 14 gold pieces.
Casting: Shock (safe; 4% risk of failure)
Confirm with . or Enter, or press ? or * to list all spells.
You can't see any susceptible monsters within range! (Use Z to cast anyway.)
You now have 70 gold pieces (gained 14).
The sky beast flickers out of sight for a moment.
You miss the sky beast. You peck the sky beast.
The sky beast is lightly wounded.
The sky beast hits you. The sky beast shocks you.
You closely miss the sky beast. Your peck misses the sky beast.
The sky beast is lightly wounded.
The sky beast hits you but does no damage.
You hit the sky beast.
The sky beast is poisoned.
You claw the sky beast. Your peck misses the sky beast.
The sky beast is moderately wounded.
The sky beast hits you. The sky beast shocks you.
* * * LOW HITPOINT WARNING * * *
You hit the sky beast. Your kick misses the sky beast.
The sky beast is moderately wounded.
The sky beast barely misses you.
You miss the sky beast.
The sky beast is moderately wounded.
The sky beast hits you.
* * * LOW HITPOINT WARNING * * *
The sky beast shocks you.
You die...

##.######.##
#.###........#
##.######
#####....Y....P..#
..........
#............P...#
...####..#
#.####>##...♣P...#
#### # #.##........#
# #.# #.##.......## #
#####.####.##.#.###.#
# ...........##.#.#
#.# # #.#
##...@Y.....#.# #.# #
#.# #..#########.#
#.# # #.# #..# #.#
#.# # #.#
#..#########.# #.# #
#.# #............#
#.# ########.#
#.##########.# #.#
.........####.#
#.###.#
...........>..#
#.##..#
###############
#.##.##


You could see a sky beast (invisible, very poisoned).

Vanquished Creatures
  A bullfrog skeleton (D:5)
  3 gnolls (D:2)
  A worm (D:2)
  A ball python (D:2)
  3 bats (D:2)
  4 endoplasms
  2 giant cockroaches (D:2)
  2 goblins (D:1)
  2 hobgoblins (D:2)
  A frilled lizard (D:1)
  2 rats (D:2)
22 creatures vanquished.

Notes
Turn   | Place    | Note
-------+----------+-------------------------------------------
     0 | D:1      | Arne the Tengu Air Elementalist began the quest for the
                  | Orb.
     0 | D:1      | Reached XP level 1. HP: 10/10 MP: 4/4
   598 | D:1      | Reached XP level 2. HP: 15/15 MP: 4/6
  1206 | D:2      | Reached XP level 3. HP: 19/19 MP: 3/7
  1290 | D:2      | You fall into a shaft and drop 2 floors!
  1290 | D:4      | Noticed an ice beast
  1294 | D:5      | Entered Level 5 of the Dungeon
  1320 | D:5      | Noticed an ogre
  1373 | D:5      | Reached skill level 1 in Short Blades
  1373 | D:5      | Reached skill level 5 in Air Magic
  1373 | D:5      | Reached XP level 4. HP: 16/24 MP: 9/9
  1437 | D:5      | Noticed a sky beast
  1460 | D:5      | HP: 1/24 [sky beast (3)]
  1460 | D:5      | Slain by a sky beast

Illustrated notes

Levels and vault maps discovered:
D:1:      amcnicky_arrival_double_pillar, layout_loops_ring
D:2:      layout_basic, serial_glass, glass_columns_a, glass_columns_a
D:4:      layout_cave_pods, nicolae_ru_path_of_blood, temple_hall
D:5:      layout_loops_ring, serial_park_tiny_2

Skill      XL: |  1  2  3 |
---------------+----------+-----
Short Blades   | 1 |  1.0
Air Magic      | 5 |  5.0
Dodging        | |  2.7
Stealth        | |  2.1
Spellcasting   | |  2.9
Conjurations   | |  1.9

Action                   |  1- 3 |  4- 6 || total
-------------------------+-------+-------++-------
Melee: Rapier            |    20 |     5 ||    25
       Kick              |     3 |     1 ||     4
       Peck              |     2 |     1 ||     3
 Cast: Shock             |    41 |       ||    41
  Use: Scroll            |     1 |     1 ||     2
Armor: Robe              |     4 |     1 ||     5
Dodge: Dodged            |    25 |     1 ||    26

Table legend: (Time is in decaauts)
 A = Elapsed time spent in this place.
 B = Non-inter-level travel time spent in this place.
 C = Inter-level travel time spent in this place.
 D = Time resting spent in this place.
 E = Time spent auto-exploring this place.
 F = Levels seen in this place.
 G = Mean time per level.
                   A        B        C        D        E       F      G
               +--------+--------+--------+--------+--------+-----+--------+
         Total |   1461 |   1461 |      0 |      0 |    669 |   4 |  365.2 |
       Dungeon |   1461 |   1461 |      0 |      0 |    669 |   4 |  365.2 |
               +--------+--------+--------+--------+--------+-----+--------+

Top non-repeatable levels by time:
     D:1: 731 daAuts
     D:2: 559 daAuts
     D:5: 167 daAuts
     D:4: 3 daAuts
